 Dungeon Crawl Stone Soup version 0.31-a0-986-g5e6e4ef867 (webtiles) character file.

Game seed: 1546800946128467618

529 lessens the Ducker (level 7, -1/56 HPs)
             Began as a Gnoll Gladiator on Nov 7, 2023.
             Killed from afar by Dowan (10 damage)
             ... with a shard of ice
             ... on level 5 of the Dungeon.
             The game lasted 00:04:55 (3852 turns).

lessens the Ducker (Gnoll Gladiator)                Turns: 3852, Time: 00:04:55

Health: -1/56      AC:  9    Str: 21    XL:     7   Next: 23%
Magic:  10/10      EV: 13    Int:  7    God:
Gold:   262        SH:  0    Dex: 14    Spells: 10/10 levels left

rFire   . . .        a - +0 short sword (venom)
rCold   . . .        (no shield)
rNeg    . . .        w - +0 scale mail
rPois   .            c - +0 helmet
rElec   .            k - +0 cloak
rCorr   .            (no gloves)
SInv    .            z - +0 pair of boots
Will    .....        (no amulet)
Stlth   +            y - +6 ring of strength
HPRegen 0.29/turn    (no ring)
MPRegen 0.12/turn

%: no passive effects
@: lethally poisoned (-1 -> -21), lit by a corona, hasted, glowing, very quick
A: fangs 1, strong nose, distributed training
a: no special abilities


You were on level 5 of the Dungeon.
You visited 1 branch of the dungeon, and saw 5 of its levels.

You collected 262 gold pieces.

Inventory:

Hand Weapons
 a - a +0 short sword of venom (weapon)
 b - a +3 hand axe
 v - a +0 war axe
 E - a +0 war axe of flaming
Missiles
 d - 2 throwing nets
 e - a javelin
 f - 27 stones
 q - 6 poisoned darts
Armour
 c - a +0 helmet (worn)
 k - a +0 cloak (worn)
 p - a +0 leather armour
 w - a +0 scale mail (worn)
 z - a +0 pair of boots (worn)
 I - a +3 leather armour of willpower
Jewellery
 y - a +6 ring of strength (left hand)
 F - a +6 ring of intelligence
 G - a ring of fire
Wands
 u - a wand of iceblast (12)
 H - a wand of light (13) (quivered)
Scrolls
 h - 3 scrolls of teleportation {unknown}
 m - 2 scrolls of poison {unknown}
 n - 3 scrolls of identify {unknown}
 o - a scroll of enchant weapon {unknown}
 s - a scroll of vulnerability {unknown}
 t - a scroll of amnesia {unknown}
 x - a scroll of enchant armour {unknown}
 B - 3 scrolls of blinking {unknown}
 D - a scroll of fear {unknown}
Potions
 g - a potion of invisibility {unknown}
 i - a potion of heal wounds {unknown}
 j - a potion of degeneration {unknown}
 l - a potion of cancellation {unknown}
 r - a potion of resistance {unknown}
 A - a potion of haste
 C - a potion of curing {unknown}


   Skills:
 + Level 5.2 Fighting
 + Level 2.4 Short Blades
 + Level 2.4 Long Blades
 + Level 7.0 Axes
 + Level 2.4 Maces & Flails
 + Level 2.4 Polearms
 + Level 2.4 Staves
 + Level 2.4 Ranged Weapons
 + Level 5.2 Throwing
 + Level 2.4 Armour
 + Level 7.0 Dodging
 + Level 2.4 Stealth
 + Level 2.4 Shields
 + Level 2.4 Unarmed Combat
 + Level 2.4 Spellcasting
 + Level 2.0 Conjurations
 + Level 2.0 Hexes
 + Level 2.0 Summonings
 + Level 2.0 Necromancy
 + Level 2.0 Translocations
 + Level 2.0 Transmutations
 + Level 2.0 Fire Magic
 + Level 2.0 Ice Magic
 + Level 2.0 Air Magic
 + Level 2.0 Earth Magic
 + Level 2.0 Poison Magic
 + Level 2.6 Invocations
 + Level 2.4 Evocations
 + Level 2.2 Shapeshifting


You had 10 spell levels left.
You didn't know any spells.
Your spell library contained the following spells:

 Spells                   Type           Power      Damage    Failure   Level
 Ensorcelled Hibernation  Hex/Ice        6%         N/A       54%         2
 Passwall                 Tmut/Erth      2%         N/A       54%         2
 Scorch                   Fire           6%         2d5       54%         2
 Wereblood                Tmut           3%         N/A       54%         2
 Inner Flame              Hex/Fire       3%         N/A       78%         3
 Swiftness                Air            3%         N/A       78%         3
 Flame Wave               Conj/Fire      3%         2d5       99%         4
 Sticky Flame             Conj/Fire      3%         2d3       99%         4
 Irradiate                Conj/Tmut      1%         3d12      100%        5
 Summon Cactus Giant      Summ           1%         N/A       100%        6


Dungeon Overview and Level Annotations

Branches:
Dungeon (5/15) Zot: 26155
 Temple: D:4-7

Altars:
Ashenzari
Cheibriados

Annotations:
D:5 3 runed translucent doors, Dowan; Pokonic1's ghost, novice OgEE


Innate Abilities, Weirdness & Mutations

You have very sharp teeth.
Your uncanny sense of smell can sniff out nearby items.
Your experience applies equally to all skills.


Message History

Aiming: Bolt of Light
Press: ? - help, Shift-Dir - straight line, f - Dowan
Aim: Dowan, wielding a +0 dagger of protection and wearing a +0 robe (60% to hit)
The bolt of light hits Duvessa!
Duvessa is heavily wounded.
Duvessa is blinded.
You feel sick. Dowan closely misses you.
Duvessa hits you with a +2 rapier of venom!
You are more poisoned.
You hit Duvessa.
Duvessa looks as sick as possible!
Duvessa is severely wounded.
You feel very sick.
Dowan says, "My weaknesses are her strengths!"
Dowan gestures at you while chanting.
You are outlined in light.
Duvessa barely misses you.
You hit Duvessa but do no damage. Your punch misses Duvessa.
Duvessa is severely wounded.
You feel very sick. Dowan misses you. Duvessa barely misses you.
You catch the helpless Duvessa completely off-guard!
You hit Duvessa.
Duvessa looks as sick as possible!
Duvessa is almost dead.
You feel very sick.
You closely miss Duvessa.
Duvessa is almost dead.
You feel very sick.
Duvessa hits you with a +2 rapier of venom.
You are lethally poisoned!
Dowan hits you with a +0 dagger of protection.
* * * LOW HITPOINT WARNING * * *
It was a potion of haste.
You feel yourself speed up.
* * * LOW HITPOINT WARNING * * *
You feel very sick.
The hound barks!
You kill Duvessa!
Dowan seems overcome with grief.
Dowan seems to find hidden reserves of power!
Dowan barely misses you. Dowan gestures at you while chanting.
The shard of ice hits you!
You die...

########.<....##.
...........e.....
.#####..g##.###. #
........e## .### ..
###.##..g.ee.......
##.....####.##....
....##.........#
###!.........e..#
#...#.###...@)..#
....#.#...#..##.....
..#......##.#####.h.
........##..#... #
.#.##...##.##.#
#...##....###
#.).........#
.#...........#
##.###.#
...............#
#..#w#_#


You could see Dowan (fast) and a hound.

Vanquished Creatures
  Duvessa (D:5)
  A black bear (D:4)
  A scorpion (D:3)
  A jelly (D:5)
  An orc priest (D:4)
  2 gnoll boudas
  Ijyb (D:5)
  An orc wizard (D:4)
  Terence (D:2)
  Robin (D:3)
  8 gnolls
  3 adders
  A white imp (D:5)
  A worm (D:2)
  2 dart slugs
  3 orcs
  7 bats
  2 endoplasms
  3 giant cockroaches
  12 goblins
  6 hobgoblins
  2 jackals (D:1)
  9 kobolds
  A quokka (D:1)
  3 ball pythons
  A frilled lizard (D:1)
  2 rats
77 creatures vanquished.

Notes
Turn   | Place    | Note
-------+----------+-------------------------------------------
     0 | D:1      | lessens the Gnoll Gladiator began the quest for the Orb.
     0 | D:1      | Reached XP level 1. HP: 20/20 MP: 1/1
   176 | D:1      | Reached XP level 2. HP: 26/26 MP: 2/2
   865 | D:1      | Reached XP level 3. HP: 31/31 MP: 3/3
  1277 | D:2      | Reached skill level 1 in Invocations
  1872 | D:3      | Reached skill level 1 in Short Blades
  1872 | D:3      | Reached skill level 1 in Long Blades
  1872 | D:3      | Reached skill level 1 in Maces & Flails
  1872 | D:3      | Reached skill level 1 in Polearms
  1872 | D:3      | Reached skill level 1 in Staves
  1872 | D:3      | Reached skill level 1 in Ranged Weapons
  1872 | D:3      | Reached skill level 1 in Armour
  1872 | D:3      | Reached skill level 1 in Stealth
  1872 | D:3      | Reached skill level 1 in Shields
  1872 | D:3      | Reached skill level 1 in Unarmed Combat
  1872 | D:3      | Reached skill level 1 in Spellcasting
  1872 | D:3      | Reached skill level 1 in Evocations
  2048 | D:3      | Noticed Robin
  2051 | D:3      | Reached XP level 4. HP: 33/38 MP: 5/5
  2053 | D:3      | Reached skill level 1 in Shapeshifting
  2065 | D:3      | Killed Robin
  2254 | D:3      | Found a broken altar of Ashenzari.
  2257 | D:3      | Noticed Terence
  2258 | D:3      | Noticed a scorpion
  2288 | D:2      | Killed Terence
  2289 | D:2      | Reached skill level 1 in Conjurations
  2289 | D:2      | Reached skill level 1 in Hexes
  2289 | D:2      | Reached skill level 1 in Summonings
  2289 | D:2      | Reached skill level 1 in Necromancy
  2289 | D:2      | Reached skill level 1 in Translocations
  2289 | D:2      | Reached skill level 1 in Transmutations
  2289 | D:2      | Reached skill level 1 in Fire Magic
  2289 | D:2      | Reached skill level 1 in Ice Magic
  2289 | D:2      | Reached skill level 1 in Air Magic
  2289 | D:2      | Reached skill level 1 in Earth Magic
  2289 | D:2      | Reached skill level 1 in Poison Magic
  2418 | D:3      | Killed a scorpion
  2419 | D:3      | Reached XP level 5. HP: 33/43 MP: 5/7
  2514 | D:4      | Noticed a black bear
  2525 | D:4      | Killed a black bear
  2526 | D:4      | Reached XP level 6. HP: 50/50 MP: 8/8
  2568 | D:4      | Reached skill level 5 in Fighting
  2568 | D:4      | Reached skill level 5 in Throwing
  3358 | D:5      | Entered Level 5 of the Dungeon
  3362 | D:5      | Noticed Duvessa
  3362 | D:5      | Noticed Dowan
  3506 | D:5      | Noticed Pokonic1's ghost (novice OgEE)
  3510 | D:5      | Found a runed translucent gate.
  3510 | D:5      | Found a runed translucent gate.
  3511 | D:5      | Found a runed translucent gate.
  3575 | D:5      | Found a snail-covered altar of Cheibriados.
  3575 | D:5      | Noticed a torpor snail
  3575 | D:5      | Noticed a torpor snail
  3591 | D:5      | Reached XP level 7. HP: 34/56 MP: 10/10
  3800 | D:5      | Noticed a torpor snail
  3818 | D:5      | Noticed Ijyb
  3831 | D:5      | Killed Ijyb
  3852 | D:5      | Killed Duvessa
  3852 | D:5      | Killed from afar by Dowan

Illustrated notes

Levels and vault maps discovered:
D:1:      psy_arrival_spokes, layout_loops_corners
D:2:      layout_loops_ring
D:3:      layout_rooms, amcnicky_altar_gilded, serial_bayou_pond_e,
          uniq_terence, uniq_robin
D:4:      layout_loops_ring
D:5:      layout_rooms, cheibriados_altar_2, gammafunk_ghost_split,
          serial_shops, shop, corexii_mini_fake_secret_closet, uniq_ijyb,
          uniq_duvessa

Skill      XL: |  1  2  3  4  5  6  7 |
---------------+----------------------+-----
Invocations    | 1 2 |  2.6
Short Blades   | 1 2 |  2.4
Long Blades    | 1 2 |  2.4
Maces & Flails | 1 2 |  2.4
Polearms       | 1 2 |  2.4
Staves         | 1 2 |  2.4
Ranged Weapons | 1 2 |  2.4
Armour         | 1 2 |  2.4
Stealth        | 1 2 |  2.4
Shields        | 1 2 |  2.4
Unarmed Combat | 1 2 |  2.4
Spellcasting   | 1 2 |  2.4
Evocations     | 1 2 |  2.4
Shapeshifting  | 1 2 |  2.2
Conjurations   | 1 2 |  2.0
Hexes          | 1 2 |  2.0
Summonings     | 1 2 |  2.0
Necromancy     | 1 2 |  2.0
Translocations | 1 2 |  2.0
Transmutations | 1 2 |  2.0
Fire Magic     | 1 2 |  2.0
Ice Magic      | 1 2 |  2.0
Air Magic      | 1 2 |  2.0
Earth Magic    | 1 2 |  2.0
Poison Magic   | 1 2 |  2.0
Fighting       | 5 |  5.2
Throwing       | 5 |  5.2
Axes           | 7 |  7.0
Dodging        | 7 |  7.0

Action                     |  1- 3 |  4- 6 |  7- 9 || total
---------------------------+-------+-------+-------++-------
  Melee: War axe           |    75 |       |       ||    75
         Bite              |    10 |    16 |     5 ||    31
         Hand axe          |    18 |    51 |     4 ||    73
         Short sword       |       |    79 |    35 ||   114
         Punch             |       |     2 |     3 ||     5
  Throw: Throwing net      |       |     3 |       ||     3
         Dart              |       |     5 |     2 ||     7
  Evoke: Wand              |       |       |     2 ||     2
    Use: Potion            |       |       |     1 ||     1
   Stab: Sleeping          |     3 |       |       ||     3
         Invisible         |       |       |     1 ||     1
 Armour: Leather armour    |    41 |    15 |       ||    56
         Scale mail        |       |    61 |    24 ||    85
  Dodge: Dodged            |    72 |    64 |    20 ||   156

Table legend: (Time is in decaauts)
 A = Elapsed time spent in this place.
 B = Non-inter-level travel time spent in this place.
 C = Inter-level travel time spent in this place.
 D = Time resting spent in this place.
 E = Time spent auto-exploring this place.
 F = Levels seen in this place.
 G = Mean time per level.
                   A        B        C        D        E       F      G
               +--------+--------+--------+--------+--------+-----+--------+
         Total |   3843 |   3704 |    139 |    137 |   2933 |   5 |  768.6 |
       Dungeon |   3843 |   3704 |    139 |    137 |   2933 |   5 |  768.6 |
               +--------+--------+--------+--------+--------+-----+--------+

Top non-repeatable levels by time:
     D:1: 963 daAuts
     D:4: 889 daAuts
     D:2: 884 daAuts
     D:3: 673 daAuts
     D:5: 433 daAuts

Levels and vault maps discovered:
D:1:      psy_arrival_spokes, layout_loops_corners
D:2:      layout_loops_ring
D:3:      layout_rooms, amcnicky_altar_gilded, serial_bayou_pond_e,
          uniq_terence, uniq_robin
D:4:      layout_loops_ring
D:5:      layout_rooms, cheibriados_altar_2, gammafunk_ghost_split,
          serial_shops, shop, corexii_mini_fake_secret_closet, uniq_ijyb,
          uniq_duvessa
